 Dungeon Crawl Stone Soup version 0.32-a0-20-ge526923d97 (webtiles) character file.

Game seed: 13103224063432621986

9200 PriceMaster the Skirmisher (level 11, -9/84 HPs)
             Began as a Demonspawn Fighter on Jan 18, 2024.
             Mangled by a fire elemental (10 damage)
             ... summoned by a deep elf pyromancer
             ... on level 9 of the Dungeon.
             The game lasted 00:27:51 (9076 turns).

PriceMaster the Skirmisher (Demonspawn Fighter)     Turns: 9076, Time: 00:27:54

Health: -9/84      AC: 14    Str: 32    XL:     11   Next: 19%
Magic:  0/11       EV: 12    Int:  8    God:
Gold:   250        SH:  0    Dex: 14    Spells: 10/10 levels left

rFire   . . .        l - +8 orcbow of the Antique God {drain, ^Contam *Corrode Fly Str+4}
rCold   . . .        (shield currently unavailable)
rNeg    . . .        b - +0 scale mail
rPois   +            h - +0 helmet
rElec   .            (no cloak)
rCorr   .            (no gloves)
SInv    .            u - +2 pair of boots
Will    .....        k - amulet of guardian spirit Stlth
                     y - +6 ring of strength
HPRegen 0.34/turn    e - ring "Juys Teu" {rPois Str+2 Slay+2}
MPRegen 0.12/turn

%: corrode self (3%), guardian spirit
@: mighty, weak-willed, flying
A: foul stench 2, powered by pain 1, sharp scales 2, weakness stinger 2
a: no special abilities


You were on level 9 of the Dungeon.
You visited 1 branch of the dungeon, and saw 9 of its levels.

You collected 1408 gold pieces.
You spent 1158 gold pieces at shops.

Inventory:

Hand Weapons
 a - a +0 war axe
 l - the +8 orcbow of the Antique God (weapon) {drain, ^Contam *Corrode Fly Str+4}
   (You bought it in a shop on level 1 of the Dungeon)

   Str+4:     It affects your strength (+4).
   Fly:       It grants you flight.
   ^Contam:   It causes magical contamination when unequipped.
   *Corrode:  It may corrode you when you take damage.
 m - a +0 spear
 q - a +0 whip of freezing
 s - a +0 sling
 t - a +5 trident of draining
 v - a +1 heavy war axe
 x - a +2 dagger of draining
 z - a +2 short sword of pain
 E - a +5 dagger of draining
Armour
 b - a +0 scale mail (worn)
 c - a +0 buckler
 h - a +0 helmet (worn)
 u - a +2 pair of boots (worn)
 G - an orb of mayhem
 H - a +2 robe
Magical Staves
 w - a staff of cold
Jewellery
 e - the ring "Juys Teu" (right hand) {rPois Str+2 Slay+2}
   (You bought it in a shop on level 1 of the Dungeon)

   [ring of poison resistance]

   Str+2:     It affects your strength (+2).
   Slay+2:    It affects your accuracy & damage with ranged weapons and melee
   (+2).
   rPois:     It protects you from poison
 i - a ring of see invisible
 k - an amulet of guardian spirit (around neck)
 n - a +6 ring of intelligence
 y - a +6 ring of strength (left hand)
 D - a ring of magical power
Wands
 d - a wand of mindburst (29)
 o - a wand of polymorph (2)
 p - a wand of acid (4)
Scrolls
 f - a scroll of noise
 g - 2 scrolls of amnesia
 F - a scroll of enchant weapon
Potions
 r - a potion of brilliance
Miscellaneous
 j - a phantom mirror (inert)


   Skills:
 + Level 7.0 Fighting
 + Level 5.7(6.5) Axes
 + Level 4.6(6.0) Maces & Flails
 + Level 9.7 Ranged Weapons
 + Level 0.3 Throwing
 + Level 7.0 Armour
 + Level 4.2 Dodging
 + Level 1.4 Stealth
 + Level 4.3 Shields
 + Level 0.9 Evocations


You had 10 spell levels left.
You didn't know any spells.
Your spell library contained the following spells:

 Spells                   Type           Power      Damage    Failure   Level
 Magic Dart               Conj           0%         1d3       63%         1
 Sandblast                Erth           0%         2d4       63%         1
 Cigotuvi's Dreadful Rot  Necr/Alch/Air  0%         N/A       77%         2
 Lesser Beckoning         Tloc           0%         N/A       77%         2
 Searing Ray              Conj           0%         2d4       77%         2
 Call Canine Familiar     Summ           0%         N/A       94%         3
 Gell's Gravitas          Tloc           0%         N/A       94%         3
 Passwall                 Erth           0%         N/A       94%         3
 Sigil of Binding         Hex            0%         N/A       94%         3
 Stone Arrow              Conj/Erth      0%         3d7       94%         3
 Teleport Other           Tloc           0%         N/A       94%         3
 Brom's Barrelling Bould  Conj/Erth      0%         2d3       100%        4
 Dimensional Bullseye     Hex/Tloc       0%         N/A       100%        4
 Fulminant Prism          Conj/Alch      0%         3d5       100%        4
 Ignite Poison            Fire/Alch      0%         N/A       100%        4
 Olgreb's Toxic Radiance  Alch           0%         N/A       100%        4
 Freezing Cloud           Conj/Ice/Air   0%         6-21      100%        5
 Summon Forest            Summ/Tloc      0%         N/A       100%        5
 Eringya's Noxious Bog    Alch           0%         4d6       100%        6
 Ozocubu's Refrigeration  Ice            0%         4d7       100%        7
 Summon Hydra             Summ           0%         N/A       100%        7
 Discord                  Hex            0%         N/A       100%        8


Dungeon Overview and Level Annotations

Branches:
Dungeon (9/15)             Temple (0/1) D:6
   Lair: D:8-11         Orc: D:9-12

Altars:
Ashenzari
Fedhas
Gozag
Kikubaaqudgha
Makhleb
Nemelex Xobeh
Sif Muna
Vehumet

Shops:
D:1 (=(?   D:8 :   D:9 *

Annotations:
D:9 5 transporters


Innate Abilities, Weirdness & Mutations

You sometimes emit foul miasma when damaged in melee.
You sometimes gain a little power by taking damage.
You are mostly covered in razor-sharp scales. (AC +2, Slay +2)
You have a tail ending in a sharp stinger.


Message History

Press: ? - help, Q - select action, (/) - cycle Shift-Dir - straight line, f/p - centaur warrior
Aim: a centaur warrior, wielding a +0 shortbow (almost dead, lightly drained, 77% to hit)
You shoot an arrow. The arrow hits the centaur warrior!
You kill the centaur warrior!
The deep elf pyromancer mumbles some strange words.
Your Fighting skill increases to level 7!
Fire: l) +8 orcbow of the Antique God {drain, ^Contam *Corrode Fly Str+4}
Press: ? - help, Q - select action, (/) - cycle Shift-Dir - straight line, f - yak
Aim: a yak (weak-willed, 80% to hit)
Okay, then.
Aiming: Corrosive Bolt
Press: ? - help, Shift-Dir - straight line, f - steam dragon
Aim: a steam dragon (severely wounded, weak-willed, lightly drained, 71% to hit)
The bolt of acid hits the yak!
The yak is moderately wounded.
The bolt of acid hits the steam dragon!!
The acid corrodes the steam dragon!
You kill the steam dragon!
The steam dragon scales are intact enough to wear.
Aiming: Polymorph
Press: ? - help, Shift-Dir - straight line, f - deep elf pyromancer
Aim: a deep elf pyromancer, wielding a +0 rapier (lightly wounded, will become a spriggan, an elephant, or an orb spider, chance to affect: 33%)
The deep elf pyromancer easily resists.
Aiming: Polymorph
Press: ? - help, Shift-Dir - straight line, f - yak, p - deep elf pyromancer
Aim: a yak (moderately wounded, weak-willed, will become a tengu, an entropy weaver, or a scorpion, chance to affect: 60%)
The yak resists with significant effort.
The fire elemental hits you. The fire elemental burns you!
* * * LOW HITPOINT WARNING * * *
The yak barely misses you.
The deep elf pyromancer casts a spell.
The deep elf pyromancer blinks!
Okay, then.
Okay, then.
Fire: l) +8 orcbow of the Antique God {drain, ^Contam *Corrode Fly Str+4}
Press: ? - help, Q - select action, (/) - cycle Shift-Dir - straight line, f/p - yak
Aim: a yak (moderately wounded, weak-willed, 80% to hit)
You shoot an arrow. The arrow barely misses the yak.
The fire elemental hits you. The fire elemental burns you!
You die...

##########.## #.#.............
#..........#######.........######
.[..............###........######
#..#####...####...#..####........
..##..K#####..###....#####.######
.##K...c......#⌠##.........#
.#.....D.©..!§#$)#...####(.#
.#.........○○○EEY#...# #..#
.#....#...#○°☼#E@#...#####.#
.##..##...##.b####.........#####
..#©...#.#..e©#..⌠.#..#........#
.©#.....#.....#©....#.#.##..#.###
..#K...#.#...e#..⌠....#.#...#.# #
.##.c##...##.O####.#..#.#.#...###
.#K..B#...#...#[z#.#.##.#.#.)....
.#............'.[#.#......#.#....
.#.....©.©....#$?#.#.##.#.....>..


You could see a yak (weak-willed) and 3 fire elementals.

Vanquished Creatures
  A centaur warrior (D:9)
  A two-headed ogre (D:9)
  A boulder beetle (D:9)
  The ghost of voltaire321 the Sneak, a novice OpEE of Hepliaklqana (D:7)
  Jeremiah (D:9)
  Prince Ribbit (D:6)
  A wyvern (D:8)
  9 yaks (D:9)
  5 steam dragons
  A sky beast (D:8)
  2 water moccasins
  An orc warrior (D:7)
  3 black bears
  A laughing skull (D:9)
  5 ice beasts
  2 phantoms
  3 bullfrogs
  11 kobold brigands
  6 scorpions
  A wyvern skeleton (D:6)
  5 wights (D:8)
  11 killer bees
  3 howler monkeys
  An electric eel (D:9)
  2 bombardier beetles
  2 bullfrog zombies (D:6)
  A hound (D:6)
  A jelly (D:7)
  2 gnoll boudas
  3 orc priests
  2 centaur skeletons (D:6)
  6 iguanas
  Ijyb (D:3)
  2 orc wizards
  8 gnolls
  12 adders
  A shadow imp (D:7)
  A white imp (D:5)
  5 ufetubi (D:5)
  2 dart slugs (D:1)
  A ribbon worm (D:2)
  19 orcs
  6 ball pythons
  6 bats
  2 endoplasms
  3 giant cockroaches (D:1)
  3 goblins
  6 hobgoblins
  A jackal (D:5)
  2 quokkas
  5 frilled lizards
  7 kobolds
  7 rats
196 creatures vanquished.

Vanquished Creatures (others)
  A kobold demonologist (D:7)
  2 kobold brigands (D:7)
  3 orcs (D:6)
6 creatures vanquished.

Grand Total: 202 creatures vanquished

Notes
Turn   | Place    | Note
-------+----------+-------------------------------------------
     0 | D:1      | PriceMaster the Demonspawn Fighter began the quest for the
                  | Orb.
     0 | D:1      | Reached XP level 1. HP: 18/18 MP: 1/1
    44 | D:1      | Found Jusyer's Weapon Emporium.
    62 | D:1      | Gained mutation: You are partially covered in razor-sharp
                  | scales. (AC +1, Slay +1) [demonic ancestry]
    62 | D:1      | Reached XP level 2. HP: 18/24 MP: 2/2
    85 | D:1      | Found Imeh's Jewellery Emporium.
   403 | D:1      | Found Ezxata's Magic Scroll Shoppe.
   505 | D:1      | Found Motas's Antique Weapon Shop.
   606 | D:2      | Gained mutation: You may rarely emit foul miasma when
                  | damaged in melee. [demonic ancestry]
   606 | D:2      | Reached XP level 3. HP: 26/29 MP: 1/3
  1436 | D:3      | Gained mutation: You have a small tail. [demonic ancestry]
  1436 | D:3      | Reached XP level 4. HP: 35/35 MP: 4/4
  1554 | D:3      | Noticed Ijyb
  1570 | D:3      | Killed Ijyb
  1571 | D:3      | Reached skill level 1 in Dodging
  2222 | D:4      | Gained mutation: You sometimes emit foul miasma when
                  | damaged in melee. [demonic ancestry]
  2222 | D:4      | Reached XP level 5. HP: 41/41 MP: 5/5
  2462 | D:4      | Noticed a phantom
  2475 | D:4      | Killed a phantom
  2755 | D:4      | Reached XP level 6. HP: 47/47 MP: 6/6
  3444 | D:5      | Entered Level 5 of the Dungeon
  3492 | D:5      | Noticed an ice beast
  3498 | D:5      | Killed an ice beast
  3631 | D:5      | Found a radiant altar of Vehumet.
  3662 | D:5      | Found a sparkling altar of Nemelex Xobeh.
  3733 | D:5      | Gained mutation: You have a tail ending in a sharp stinger.
                  | [demonic ancestry]
  3733 | D:5      | Reached XP level 7. HP: 53/53 MP: 7/7
  3950 | D:5      | Reached skill level 5 in Axes
  4143 | D:5      | Reached skill level 1 in Maces & Flails
  4180 | D:5      | Identified a scroll of acquirement
  4181 | D:5      | Acquired 1016 gold pieces
  4520 | D:1      | Bought the ring "Juys Teu" {rPois Str+2 Slay+2} for 475
                  | gold pieces
  4535 | D:1      | Bought the +8 orcbow of the Antique God {drain, ^Contam
                  | *Corrode Fly Str+4} for 683 gold pieces
  4781 | D:5      | Noticed a steam dragon
  4824 | D:5      | Reached XP level 8. HP: 51/60 MP: 6/8
  4984 | D:5      | Reached skill level 5 in Armour
  4984 | D:5      | Reached skill level 1 in Stealth
  5404 | D:6      | Found an opulent altar of Gozag.
  5447 | D:6      | Found a staircase to the Ecumenical Temple.
  5490 | D:6      | Noticed Prince Ribbit
  5491 | D:6      | Gained mutation: You sometimes gain a little power by
                  | taking damage. [demonic ancestry]
  5491 | D:6      | Reached XP level 9. HP: 67/67 MP: 9/9
  5504 | D:6      | Killed Prince Ribbit
  5969 | D:6      | Reached skill level 1 in Ranged Weapons
  6016 | D:6      | Reached skill level 5 in Fighting
  6168 | D:7      | Reached skill level 2 in Ranged Weapons
  6294 | D:7      | Found a runed translucent gate.
  6294 | D:7      | Found a runed translucent gate.
  6294 | D:7      | Found a runed translucent gate.
  6295 | D:7      | Noticed a kobold demonologist
  6296 | D:7      | Noticed voltaire321's ghost (novice OpEE)
  6367 | D:7      | Found an ancient bone altar of Kikubaaqudgha.
  6393 | D:7      | Found a shimmering blue altar of Sif Muna.
  6642 | D:7      | Reached skill level 3 in Ranged Weapons
  6865 | D:7      | Found a burning altar of Makhleb.
  7089 | D:7      | Killed a kobold demonologist
  7090 | D:7      | Reached skill level 4 in Ranged Weapons
  7111 | D:7      | Reached skill level 5 in Ranged Weapons
  7114 | D:7      | Killed voltaire321's ghost
  7277 | D:8      | Reached XP level 10. HP: 66/74 MP: 10/10
  7409 | D:8      | Reached skill level 6 in Ranged Weapons
  7926 | D:8      | Found Ygeosiem's Book Shop.
  7976 | D:8      | Found a broken altar of Ashenzari.
  7983 | D:8      | Reached skill level 7 in Ranged Weapons
  8229 | D:9      | Noticed Jeremiah
  8263 | D:9      | Killed Jeremiah
  8552 | D:9      | Found Hazur's Elemental Accessories.
  8575 | D:9      | Reached skill level 8 in Ranged Weapons
  8676 | D:9      | Found a blossoming altar of Fedhas.
  8719 | D:9      | Found a transporter.
  8719 | D:9      | Found a transporter.
  8722 | D:9      | Noticed a deep elf pyromancer
  8722 | D:9      | Noticed a boulder beetle
  8735 | D:9      | Found a transporter.
  8736 | D:9      | Noticed a centaur warrior
  8737 | D:9      | Found a transporter.
  8753 | D:9      | Found a transporter.
  8753 | D:9      | Noticed a two-headed ogre
  9054 | D:9      | Killed a two-headed ogre
  9055 | D:9      | Reached skill level 9 in Ranged Weapons
  9055 | D:9      | Gained mutation: You are mostly covered in razor-sharp
                  | scales. (AC +2, Slay +2) [demonic ancestry]
  9055 | D:9      | Reached XP level 11. HP: 15/83 MP: 4/11
  9067 | D:9      | Killed a boulder beetle
  9068 | D:9      | HP: 4/83 [water moccasin (2)]
  9072 | D:9      | Killed a centaur warrior
  9075 | D:9      | HP: 1/84 [fire elemental[a deep elf pyromancer] (6)]
  9076 | D:9      | Mangled by a fire elemental

Illustrated notes

Levels and vault maps discovered:
D:1:      wander_arrival_peaceful_grave, layout_rooms, serial_shops, shop,
          nicolae_lakefront_shop, shop, nicolae_shop_trees
D:2:      layout_basic
D:3:      layout_basic, uniq_ijyb
D:4:      wad_crossroads, layout_basic
D:5:      kennysheep_windowed_halls, layout_loops_ring,
          nemelex_spade_bored_becter, lemuel_crystal_altar
D:6:      layout_gridville, mainiacjoe_overflow_boulevard,
          minmay_temple_entry_hall, serial_undead, serial_undead_e,
          serial_undead_b, serial_undead_f, serial_undead_c,
          lemuel_flamethrower_2, uniq_prince_ribbit1
D:7:      layout_loops_ring, lightli_temple_of_fire,
          mainiacjoe_overflow_catch_the_wave, gammafunk_ghost_nasty_kobolds
D:8:      layout_loops_ring, overflow_temple_1_default, serial_shops,
          nicolae_take_the_stairs
D:9:      gammafunk_the_bubble [the_bubble_gammafunk_roulette], layout_basic,
          mainiacjoe_overflow_catwalk, zin_statuary, nicolae_elemental_shop,
          minmay_crystal_water, uniq_jeremiah

Skill      XL: |  1  2  3  4  5  6  7  8  9 10 11 |
---------------+----------------------------------+-----
Shields        | 3 4 |  4.3
Axes           | 2 3 4 5 |  5.7
Armour         | 3 4 5 6 7 |  7.0
Dodging        | 1 2 3 4 |  4.2
Fighting       | 4 5 6 7 |  7.0
Maces & Flails | 1 4 |  4.6
Stealth        | 1 |  1.4
Ranged Weapons | 5 9 |  9.7
Throwing       | |  0.3
Evocations     | |  0.9

Action                     |  1- 3 |  4- 6 |  7- 9 | 10-12 || total
---------------------------+-------+-------+-------+-------++-------
  Melee: War axe           |    95 |   106 |    23 |       ||   224
         Tailslap          |       |    14 |    22 |       ||    36
         Whip              |       |       |   145 |       ||   145
   Fire: Orcbow            |       |       |   128 |   169 ||   297
  Throw: Throwing net      |       |     3 |     1 |       ||     4
  Evoke: Wand              |       |     2 |       |     6 ||     8
         Phantom mirror    |       |       |       |     1 ||     1
    Use: Potion            |     3 |     1 |     6 |     3 ||    13
         Scroll            |       |       |    13 |     7 ||    20
   Stab: Invisible         |       |       |     1 |       ||     1
 Armour: Scale mail        |    98 |    60 |   159 |   100 ||   417
  Dodge: Dodged            |    45 |    61 |   134 |    96 ||   336
  Block: Buckler           |    28 |    21 |    25 |       ||    74

Table legend: (Time is in decaauts)
 A = Elapsed time spent in this place.
 B = Non-inter-level travel time spent in this place.
 C = Inter-level travel time spent in this place.
 D = Time resting spent in this place.
 E = Time spent auto-exploring this place.
 F = Levels seen in this place.
 G = Mean time per level.
                   A        B        C        D        E       F      G
               +--------+--------+--------+--------+--------+-----+--------+
         Total |   9252 |   8803 |    449 |    635 |   5979 |   9 | 1028.0 |
       Dungeon |   9252 |   8803 |    449 |    635 |   5979 |   9 | 1028.0 |
               +--------+--------+--------+--------+--------+-----+--------+

Top non-repeatable levels by time:
     D:5: 1466 daAuts
     D:4: 1360 daAuts
     D:7: 1109 daAuts
     D:8: 984 daAuts
     D:9: 890 daAuts
     D:3: 878 daAuts
     D:6: 875 daAuts
     D:2: 869 daAuts
     D:1: 818 daAuts
